 Dungeon Crawl Stone Soup version 0.18-b1-18-g7758cf2 (webtiles) character file.

156 HaroldButt the Ruffian (level 5, 0/38 HPs)
             Began as a Demonspawn Gladiator on May 2, 2016.
             Slain by a centaur skeleton (2 damage)
             ... on level 5 of the Dungeon.
             The game lasted 00:06:14 (2689 turns).

HaroldButt the Ruffian (Demonspawn Gladiator)       Turns: 2689, Time: 00:06:15

Health: 0/38       AC:  4    Str: 15    XL:     5   Next: 14%
Magic:  5/5        EV: 12    Int: 10    God:
Gold:   183        SH:  0    Dex: 14    Spells: 0 memorised, 4 levels left

rFire  . . .     SeeInvis .       - Unarmed
rCold  . . .     Gourm    .     a - +0 leather armour
rNeg   . . .     Faith    .     (no shield)
rPois  .         Spirit   .     b - +0 helmet
rElec  .         Dismiss  .     (no cloak)
rCorr  +         Reflect  .     (no gloves)
SustAt .         Harm     .     (no boots)
MR     .....                    (no amulet)
Stlth  +.........               h - ring of resist corrosion
                                (no ring)

@: very slightly contaminated, hasted, very quick, not resistant to hostile
enchantments, very unstealthy
A: powered by pain 1
a: no special abilities


You were on level 5 of the Dungeon.
You were not hungry.

You visited 1 branch of the dungeon, and saw 4 of its levels.

You collected 183 gold pieces.

Inventory:

Missiles
 c - 3 throwing nets (quivered)
 q - 8 poisoned needles
Armour
 a - a +0 leather armour (worn)
 b - a +0 helmet (worn)
Jewellery
 g - an uncursed ring of fire
 h - a ring of resist corrosion (right hand)
Wands
 e - a wand of iceblast (7/15)
Scrolls
 l - a scroll of teleportation {unknown}
 n - a scroll of magic mapping
Potions
 i - a potion of lignification {unknown}
 k - 2 potions of haste
 p - a potion of heal wounds {unknown}
Comestibles
 d - a bread ration
 f - 3 meat rations
 j - 2 slices of pizza
 m - 10 chunks of flesh
 o - a beef jerky


   Skills:
 - Level 2.0 Fighting
 - Level 1.7 Throwing
 - Level 2.6 Dodging
 + Level 5.3 Unarmed Combat


You had 4 spell levels left.
You didn't know any spells.

Dungeon Overview and Level Annotations

Branches:
Dungeon (3/15)

Altars:
Fedhas

Annotations:
D:3 Terence


Innate Abilities, Weirdness & Mutations

You sometimes gain a little power by taking damage.


Message History

j - 2 slices of pizza (gained 1) Terence the Incautious comes into view.
He is wielding a trident.
Terence shouts!
Terence zaps a wand.
The puff of flame hits you!
It is a wand of flame.
Terence zaps a wand.
The puff of flame hits you!
* * * LOW HITPOINT WARNING * * *
Terence zaps a wand.
The puff of flame hits you!
* * * LOW HITPOINT WARNING * * *
You see here an adder skeleton.
There is a shaft here.
You fall through a shaft for 2 floors!
The shaft crumbles and collapses.
An adder and a skeleton come into view.
Found 46 stones.
Drink which item? (? for menu, Esc to quit)
It was a potion of haste.
You feel yourself speed up. The adder closely misses you.
You are very lightly contaminated with residual magic.
The centaur skeleton hits you.
You die...

#.###
#.#..
#.#.#
#.#.#
#...#
#.S# #..#
#@.# #.Z#
#.(.(
...#(.#
##(......
#.#......
#.... ...
#########


You could see an adder and a centaur skeleton.

Vanquished Creatures
  Ijyb (D:2)
  An orc wizard (D:3)
  3 adders
  3 worms (D:2)
  2 dart slugs (D:2)
  2 giant geckos
  4 orcs (D:3)
  5 bats
  3 giant cockroaches
  10 goblins
  6 hobgoblins
  5 jackals (D:1)
  A ball python (D:1)
  2 giant newts
  7 kobolds
  7 rats
62 creatures vanquished.

Notes
Turn   | Place    | Note
--------------------------------------------------------------
     0 | D:1      | HaroldButt the Demonspawn Gladiator began the quest for the Orb.
     0 | D:1      | Reached XP level 1. HP: 16/16 MP: 1/1
    44 | D:1      | Reached skill level 3 in Unarmed Combat
   413 | D:1      | Gained mutation: You sometimes gain a little power by taking damage. [demonic ancestry]
   413 | D:1      | Reached XP level 2. HP: 20/22 MP: 2/2
   957 | D:2      | Reached XP level 3. HP: 17/27 MP: 3/3
  1215 | D:2      | Reached skill level 4 in Unarmed Combat
  1565 | D:2      | Found a blossoming altar of Fedhas.
  2123 | D:2      | Noticed Ijyb
  2162 | D:2      | Killed Ijyb
  2162 | D:2      | Reached XP level 4. HP: 27/33 MP: 4/4
  2371 | D:3      | Reached skill level 5 in Unarmed Combat
  2583 | D:3      | Reached XP level 5. HP: 30/38 MP: 5/5
  2667 | D:3      | Noticed Terence
  2680 | D:3      | HP: 1/38 [Terence/wand of flame (5)]
  2687 | D:3      | You fall through a shaft for 2 floors!
  2687 | D:5      | Entered Level 5 of the Dungeon
  2689 | D:5      | Slain by a centaur skeleton

Skill      XL: |  1  2  3  4 |
---------------+-------------+-----
Unarmed Combat | 3 4 5 |  5.3
Fighting       | |  2.0
Throwing       | |  1.7
Dodging        | |  2.6

Action                   |  1- 3 |  4- 6 || total
-------------------------+-------+-------++-------
Melee: Unarmed           |   249 |    83 ||   332
       Punch             |     3 |       ||     3
  Use: Scroll            |     4 |       ||     4
       Potion            |       |     3 ||     3
 Stab: Sleeping          |     1 |       ||     1
  Eat: Chunk             |     4 |     2 ||     6
Armor: Leather armour    |    64 |    16 ||    80
Dodge: Dodged            |   150 |    43 ||   193
